Map: Traitor's Exile

Players

MaceQ

  • Race: Protoss Protoss
  • Spawn Location: 6:00

tonglas

  • Race: Protoss Protoss
  • Spawn Location: 5:00

ILIEKEGGPIE - Winner!

  • Race: Protoss Protoss
  • League: Platinum
  • Spawn Location: 9:00

AsiDeLi - Winner!

  • Race: Protoss Protoss
  • Spawn Location: 12:00

VOD

Have the link to the VOD?

Description

Time

  • Played on: April 17, 2018, 7 p.m.
  • Length: 19:38
Show
View Real Time Build Order
Export as new Build Order

MaceQ Protoss 

Build Orders: Double Forge 

Get SALT Encoding   

  12  0:00  Probe  
  13  0:08  Probe  
  14  0:37  Pylon  
  14  0:57  Gateway  
  14  1:01  Gateway  
  14  1:04  Pylon  
  14  1:06  Probe  
  15  1:14  Probe  
  15  1:15  Assimilator  
  16  1:20  Assimilator  
  16  1:23  Probe  
  17  1:43  Pylon  
  17  1:47  Pylon  
  17  1:58  Cybernetics Core  
  17  2:13  Forge  
  17  2:14  Probe  
  18  2:31  Forge  
  18  2:47  Nexus, Probe  
  19  2:55  Probe  
  19  3:05  Probe  
  21  3:17  Probe  
  22  3:21  Adept x2  
  26  3:37  Warp Gate  
  26  3:43  Probe  
  27  3:52  Probe  
  27  3:55  Adept x2  
  31  4:00  Twilight Council  
  31  4:01  Probe  
  32  4:03  Probe  
  32  4:09  Probe  
  34  4:11  Probe  
  34  4:12  Assimilator  
  36  4:17  Assimilator, Probe  
  36  4:21  Probe  
  36  4:23  Adept  
  40  4:24  Adept  
  40  4:27  Probe  
  43  4:39  Probe  
  44  4:47  Probe  
  45  4:59  Probe  
  46  5:05  Resonating Glaives  
  46  5:11  Adept x2, Probe  
  51  5:19  Protoss Ground Weapons Level 1  
  51  5:23  Probe  
  53  5:28  Probe  
  53  5:35  Probe  
  54  5:37  Nexus  
  54  5:40  Probe  
  54  5:41  Pylon  
  55  5:46  Pylon  
  55  5:49  Pylon  
  55  5:50  Protoss Shields Level 1  
  55  5:52  Assimilator, Probe  
  55  5:56  Assimilator  
  56  6:13  Photon Cannon  
  56  6:46  Probe  
  56  6:52  Stargate  
  56  6:54  Stargate, Probe  
  57  6:58  Robotics Facility x2  
  58  7:03  Probe  
  59  7:13  Protoss Ground Armor Level 1  
  59  7:16  Probe  
  59  7:20  Probe  
  60  7:28  Probe x2  
  63  7:37  Probe  
  63  7:39  Void Ray  
  63  7:40  Void Ray  
  72  7:48  Observer x2  
  72  7:50  Probe  
  75  7:55  Adept x2  
  79  8:02  Probe  
  80  8:07  Photon Cannon  
  80  8:11  Photon Cannon  
  80  8:22  Adept x2  
  84  8:35  Protoss Air Weapons Level 1  
  84  8:41  Void Ray x2  
  92  8:49  Adept x2  
  96  8:56  Nexus  
  96  9:00  Protoss Shields Level 2  
  96  9:02  Nexus  
  100  9:17  Immortal  
  100  9:23  Assimilator  
  100  9:27  Assimilator  
  100  9:30  Assimilator  
  100  9:31  Fleet Beacon, Pylon  
  100  9:33  Stargate  
  100  9:34  Pylon  
  100  9:35  Assimilator  
  100  9:41  Pylon  
  100  9:44  Pylon  
  100  9:47  Probe  
  100  9:50  Immortal  
  105  9:55  Probe  
  106  10:04  Probe  
  107  10:16  Tempest, Probe  
  107  10:17  Tempest x2  
  126  10:29  Probe  
  94  11:31  Tempest x3  
  93  12:48  Pylon  
  93  12:51  Pylon  
  93  12:54  Pylon  
  93  12:59  Pylon  
  93  13:02  Pylon  
  93  13:09  Tempest, Probe x2, Pylon  
  93  13:12  Tempest  
  107  13:13  Templar Archives  
  107  13:16  Tempest  
  107  13:19  Protoss Air Weapons Level 2  
  113  13:21  Probe x2  
  115  13:33  Probe x2  
  117  13:39  Immortal x2  
  125  13:45  Probe x2  
  127  13:55  Graviton Catapult  
  127  13:58  Probe x2  
  129  14:19  Immortal  
Show
View Real Time Build Order
Export as new Build Order

tonglas Protoss 

Build Orders:  

Get SALT Encoding   

  12  0:16  Probe  
  13  0:30  Probe  
  14  0:39  Pylon  
  14  0:43  Probe  
  14  0:46  Pylon  
  14  0:47  Assimilator  
  15  0:51  Assimilator  
  15  0:53  Probe  
  16  1:03  Probe  
  16  1:08  Gateway  
  17  1:26  Probe  
  18  1:34  Probe  
  19  1:44  Probe  
  20  1:56  Probe  
  20  1:58  Cybernetics Core  
  20  1:59  Zealot  
  23  2:07  Gateway  
  23  2:08  Probe  
  24  2:15  Gateway  
  24  2:20  Warp Gate  
  24  2:40  Gateway  
  24  2:44  Probe  
  25  2:49  Stalker  
  27  2:54  Stalker  
  29  3:07  Twilight Council  
  29  4:00  Nexus  
  29  4:01  Assimilator  
  29  4:06  Assimilator  
  29  4:07  Charge  
  29  4:09  Pylon  
  29  4:42  Dark Shrine  
  29  4:50  Stalker  
  29  4:51  Stalker x3  
  37  5:00  Pylon  
  37  5:01  Probe  
  37  5:02  Pylon  
  38  5:10  Probe  
  38  5:13  Probe  
  40  5:19  Probe  
  40  5:21  Probe  
  42  5:29  Probe  
  42  5:31  Probe  
  44  5:38  Forge  
  44  5:39  Probe  
  45  5:43  Probe  
  45  5:44  Forge  
  46  5:50  Sentry x3  
  46  5:52  Probe  
  53  6:03  Protoss Ground Weapons Level 1  
  53  6:04  Probe x2  
  53  6:08  Protoss Shields Level 1  
  55  6:16  Probe x2  
  57  6:24  Gateway  
  57  6:28  Probe  
  57  6:29  Gateway, Probe  
  59  6:36  Pylon  
  59  6:43  Probe x2  
  61  6:55  Probe x2  
  61  6:56  Gateway  
  63  7:07  Gateway, Probe x2  
  65  7:13  Gateway  
  65  7:15  Gateway x2  
  65  7:21  Gateway x2  
  65  7:29  Pylon  
  65  7:50  Pylon  
  65  8:07  Protoss Ground Weapons Level 2  
  65  8:12  Protoss Ground Armor Level 1  
  65  8:19  Dark Templar x4  
  73  8:20  Dark Templar x4  
  73  8:21  Zealot  
  73  8:22  Zealot x3  
  89  8:29  Pylon  
  89  8:34  Pylon  
  89  8:39  Archon x2  
  89  8:40  Archon  
  89  8:41  Archon  
  89  8:52  Nexus  
  89  8:54  Assimilator  
  89  8:58  Pylon  
  89  9:02  Assimilator  
  89  9:08  Pylon  
  89  9:12  Dark Templar  
  89  9:13  Dark Templar  
  89  9:14  Dark Templar x2  
  97  9:39  Photon Cannon  
  97  9:42  Photon Cannon  
  97  9:43  Photon Cannon  
  97  9:44  Pylon  
  97  9:49  Photon Cannon  
  97  9:52  Probe x2, Photon Cannon  
  99  10:02  Protoss Shields Level 2  
  99  10:04  Probe x2  
  99  10:06  Sentry x3  
  107  10:16  Probe x2  
  109  10:35  Dark Templar x2  
  109  10:36  Dark Templar x2  
  109  10:39  Archon  
  109  10:40  Archon  
  117  10:52  Archon x2  
  117  10:54  Zealot x4  
  117  10:55  Zealot x4  
  133  11:15  Dark Templar x3  
  139  11:23  Probe  
  139  11:31  Probe  
  139  11:32  Probe x2  
  143  11:41  Probe  
  143  11:44  Probe x2  
  144  11:53  Probe  
  145  11:56  Probe x2  
  147  12:05  Probe  
  147  12:08  Probe x2  
  142  12:13  Dark Templar  
  142  12:14  Dark Templar x2  
  148  12:22  Pylon  
  148  12:23  Pylon  
  148  12:25  Pylon  
  148  12:27  Pylon  
  148  12:28  Pylon  
  148  12:29  Probe  
  148  12:30  Archon  
  149  12:37  Probe  
  149  12:43  Nexus  
  150  12:46  Assimilator  
  150  12:47  Probe  
  150  12:51  Assimilator  
  151  12:53  Pylon  
  151  12:56  Pylon  
  151  12:57  Archon x2  
  151  12:59  Dark Templar x4  
  151  13:00  Dark Templar x4  
  151  13:03  Sentry x3  
  173  13:10  Pylon  
  173  13:12  Pylon  
  173  13:21  Protoss Ground Weapons Level 3  
  173  13:22  Protoss Ground Armor Level 2  
  173  13:29  Archon x4  
  173  14:02  Dark Templar x5  
  183  14:13  Probe  
  184  14:21  Probe  
  184  14:26  Zealot x4  
  184  14:27  Zealot x3  
  184  14:29  Probe  
  148  15:43  Dark Templar x2  
  148  15:44  Dark Templar x6  
  148  15:45  Dark Templar x4  
  104  16:25  Stalker x5  
  110  16:26  Stalker x5  
  110  16:27  Stalker x2  
  108  16:50  Archon x3  
  108  16:52  Dark Templar x4  
  116  16:54  Zealot x4  
  116  16:55  Zealot x4  
  102  17:10  Archon x2  
  96  17:30  Dark Templar x5  
  96  17:33  Stalker  
  96  17:44  Archon x3  
  56  18:00  Zealot  
Show
View Real Time Build Order
Export as new Build Order

ILIEKEGGPIE Protoss - Winner!

Build Orders: Zealot Archon, Dark Templar Rush 

Get SALT Encoding   

  12  0:01  Probe  
  13  0:13  Probe  
  14  0:21  Pylon  
  14  0:25  Probe  
  15  0:35  Probe  
  16  0:45  Gateway  
  16  0:50  Assimilator, Probe  
  17  1:02  Probe  
  18  1:09  Assimilator  
  18  1:11  Probe  
  19  1:19  Probe  
  20  1:32  Cybernetics Core  
  20  1:39  Gateway  
  20  1:48  Probe  
  21  2:00  Probe  
  22  2:11  Warp Gate  
  22  2:12  Probe  
  22  2:14  Pylon  
  23  2:34  Twilight Council  
  23  3:01  Stalker  
  23  3:06  Stalker  
  27  3:15  Dark Shrine  
  27  3:43  Pylon  
  27  3:52  Pylon  
  27  4:02  Nexus  
  27  4:15  Pylon  
  27  4:16  Gateway  
  27  4:17  Gateway  
  26  4:29  Dark Templar  
  26  4:47  Pylon  
  26  4:53  Pylon  
  26  4:56  Dark Templar  
  26  4:57  Dark Templar  
  30  5:10  Probe  
  30  5:13  Probe  
  32  5:18  Probe  
  32  5:25  Probe  
  34  5:33  Assimilator, Charge  
  34  5:38  Assimilator, Probe  
  35  5:49  Robotics Facility  
  35  5:50  Robotics Facility  
  35  5:53  Probe  
  35  5:56  Gateway  
  36  5:58  Gateway  
  36  6:01  Probe  
  36  6:11  Probe  
  37  6:12  Probe  
  39  6:20  Probe  
  39  6:23  Probe  
  41  6:30  Probe  
  41  6:31  Probe  
  42  6:39  Probe  
  43  6:40  Immortal x2  
  43  6:42  Probe  
  53  6:54  Probe  
  54  7:03  Probe  
  54  7:06  Probe  
  56  7:15  Probe  
  56  7:18  Probe  
  58  7:23  Forge  
  58  7:24  Forge  
  58  7:25  Stalker  
  58  7:26  Stalker x3  
  66  7:30  Immortal  
  70  7:49  Archon  
  70  7:55  Nexus  
  70  8:06  Pylon  
  70  8:11  Protoss Ground Armor Level 1, Protoss Ground Weapons Level 1, Pylon x2  
  70  8:24  Immortal  
  74  8:27  Immortal  
  78  8:37  Pylon  
  78  8:40  Assimilator  
  78  8:41  Assimilator  
  78  8:43  Pylon  
  78  8:50  Pylon  
  78  8:53  Dark Templar x2  
  82  8:56  Immortal  
  82  9:02  Archon  
  86  9:14  Probe x3  
  89  9:26  Probe x3  
  89  9:29  Immortal  
  92  9:38  Probe  
  92  9:39  Immortal  
  101  9:51  Probe  
  102  10:02  Stalker x4  
  102  10:03  Stalker x2, Protoss Ground Armor Level 2, Probe, Protoss Ground Weapons Level 2  
  115  10:15  Probe  
  116  10:27  Pylon  
  116  10:28  Probe  
  117  10:31  Pylon  
  117  10:52  Pylon  
  117  10:54  Blink  
  117  10:57  Pylon  
  117  11:02  Immortal x2  
  125  11:10  Gateway  
  125  11:52  Dark Templar x6  
  137  11:57  Archon x3  
  135  12:02  Gateway  
  135  12:03  Protoss Ground Weapons Level 3, Protoss Ground Armor Level 3  
  135  12:04  Gateway  
  127  12:21  Gateway x2  
  127  12:23  Gateway  
  127  12:27  Pylon  
  135  12:30  Immortal x2, Pylon  
  135  12:31  Stalker  
  135  12:32  Stalker x6  
  149  12:37  Pylon  
  149  12:38  Pylon  
  149  12:50  Gateway  
  149  12:51  Gateway  
  149  12:55  Pylon  
  149  12:57  Pylon  
  149  13:00  Pylon  
  149  13:28  Nexus  
  149  13:32  Pylon x2  
  149  14:02  Assimilator  
  149  14:04  Assimilator  
  149  14:06  Pylon  
  149  14:09  Pylon  
  149  14:11  Sentry x3  
  149  14:12  Sentry, Dark Templar  
  149  14:13  Dark Templar x5  
  149  14:14  Stalker x2  
  173  14:25  Archon x2  
  173  14:26  Archon  
  173  14:42  Stalker x2  
  173  14:43  Stalker x3  
  173  14:44  Stalker x3  
  181  15:48  Observer  
  181  15:49  Observer  
  121  16:07  Observer  
  110  16:15  Stalker x5  
  110  16:16  Stalker x4  
  110  16:17  Zealot x5  
  134  16:29  Immortal x2  
  138  16:44  Protoss Shields Level 1  
  138  16:57  Stalker x3  
  138  16:58  Stalker x4  
  138  16:59  Stalker x5  
  138  17:00  Stalker  
  164  17:20  Sentry x2  
  164  17:21  Sentry x5  
  178  17:27  Gateway  
  176  17:55  Colossus  
  176  17:56  Colossus x3  
  174  18:56  Immortal  
  174  18:57  Immortal  
  174  18:58  Stalker x3  
Show
View Real Time Build Order
Export as new Build Order

AsiDeLi Protoss - Winner!

Build Orders:  

Get SALT Encoding   

  1  0:00  Probe  
  13  0:08  Probe  
  14  0:28  Pylon  
  14  0:31  Pylon  
  14  0:55  Gateway  
  14  1:04  Gateway  
  14  1:12  Pylon  
  14  1:15  Probe  
  14  1:23  Probe  
  16  1:33  Probe  
  17  1:41  Forge  
  17  1:50  Cybernetics Core  
  17  2:04  Assimilator  
  17  2:05  Probe  
  17  2:08  Assimilator  
  17  2:13  Probe  
  19  2:31  Photon Cannon  
  19  2:36  Photon Cannon  
  19  2:42  Photon Cannon  
  19  3:00  Nexus  
  19  3:08  Probe  
  20  3:16  Probe  
  20  3:24  Assimilator  
  21  3:28  Assimilator  
  21  3:40  Pylon  
  21  3:42  Pylon  
  21  4:03  Stalker  
  21  4:04  Stalker  
  25  4:19  Probe  
  26  4:27  Probe  
  27  4:33  Stalker  
  27  4:34  Stalker  
  27  4:36  Probe  
  32  4:48  Probe  
  33  4:56  Photon Cannon  
  33  4:57  Photon Cannon  
  33  5:01  Photon Cannon  
  33  5:14  Probe  
  34  5:22  Probe  
  35  5:32  Probe, Warp Gate  
  36  5:44  Probe  
  36  5:49  Pylon  
  37  5:52  Protoss Shields Level 1, Pylon  
  37  5:56  Probe, Pylon  
  38  6:08  Probe  
  39  6:16  Probe  
  39  6:24  Probe  
  40  6:30  Stargate  
  40  6:32  Stargate  
  41  6:34  Probe  
  41  6:35  Stargate  
  41  6:36  Stargate  
  42  6:47  Probe  
  43  6:56  Stargate  
  43  6:58  Stargate  
  43  7:11  Probe  
  44  7:19  Probe  
  44  7:29  Probe  
  45  7:35  Fleet Beacon  
  46  7:41  Probe  
  47  7:47  Protoss Ground Armor Level 1  
  47  7:48  Pylon  
  47  7:51  Pylon  
  47  7:55  Pylon  
  47  8:00  Pylon  
  47  8:03  Pylon  
  47  8:09  Pylon  
  47  8:13  Pylon  
  47  8:22  Anion Pulse-Crystals  
  47  8:24  Carrier  
  53  8:34  Carrier  
  53  8:36  Carrier  
  65  8:52  Carrier  
  71  9:16  Carrier  
  71  9:27  Graviton Catapult  
  77  9:34  Nexus  
  77  9:40  Assimilator  
  77  9:43  Assimilator  
  77  9:50  Carrier  
  77  11:47  Carrier  
  77  11:55  Carrier x2  
  77  11:56  Carrier x2  
  101  12:27  Carrier  
  101  12:41  Mothership  
  107  12:47  Probe  
  116  12:55  Probe  
  116  13:04  Probe  
  118  13:12  Protoss Air Weapons Level 1  
  118  13:16  Probe  
  119  13:28  Probe  
  120  13:40  Probe  
  121  13:58  Protoss Ground Weapons Level 1  
  121  15:07  Protoss Air Armor Level 1  
  99  16:38  Carrier x5  
  123  18:03  Carrier  
  123  18:04  Carrier x2  
Tags
 
Add a new tag
Caveats
  • Supply blocks, unpowered buildings, or Contaminate may cause inaccurate times.
  • Supply counts are checked every 10 seconds.